 Dungeon Crawl Stone Soup version 0.28.0 (webtiles) character file.

Game seed: 8441878211462622495

9 SnakkuSnakku7 the Skirmisher (level 2, -2/24 HPs)
             Began as a Barachi Abyssal Knight on Feb 8, 2022.
             Was a Follower of Lugonu.
             Succumbed to a kobold's poison
             ... on level 1 of the Dungeon.
             The game lasted 00:00:29 (98 turns).

SnakkuSnakku7 the Skirmisher (Barachi Abyssal Knight) Turns: 98, Time: 00:00:30

Health: -2/24      AC:  3    Str: 14    XL:     2   Next: 16%
Magic:  3/3        EV: 11    Int: 10    God:    Lugonu [*.....]
Gold:   0          SH:  0    Dex: 12    Spells: 1/1 levels left

rFire   . . .      SeeInvis .   a - +1 falchion
rCold   . . .      Faith    .   (no shield)
rNeg    . . .      Spirit   .   b - +0 leather armour
rPois   .          Reflect  .   (no helmet)
rElec   .          Harm     .   (no cloak)
rCorr   .          Rampage  .   (no gloves)
Will    .....                   (no boots)
Stlth   +.........              (no amulet)
HPRegen 0.08/turn               (no ring)
MPRegen 0.08/turn               (no ring)

@: lethally poisoned (-2 -> -17), slow
A: amphibious, slowness 1, strong legs 1, +LOS
a: Hop, Renounce Religion, Depart the Abyss


You were on level 1 of the Dungeon.
You worshipped Lugonu.
Lugonu was aware of your devotion.
You visited 1 branch of the dungeon, and saw 1 of its levels.
You visited the Abyss 1 time.

Inventory:

Hand Weapons
 a - a +1 falchion (weapon)
Armour
 b - a +0 leather armour (worn)
Scrolls
 c - a scroll of noise {unknown}


   Skills:
 - Level 3.6 Fighting
 + Level 3.0 Long Blades
 - Level 2.4 Armour
 - Level 1.1 Dodging
 + Level 2.0 Invocations


You had one spell level left.
You didn't know any spells.
Your spell library was empty.

Dungeon Overview and Level Annotations

Branches:
Dungeon (1/15)

Altars:


Innate Abilities, Weirdness & Mutations

You are amphibious.
You cover ground slowly.
You can hop short distances.
You have an extended range of vision and can be seen from far away.


Message History

You kill the goblin!
Lugonu accepts your kill. The dart slug bites you.
You see here a +3 dagger.
You hit the dart slug.
The dart slug is moderately wounded.
The dart slug launches a dart at you.
The slug dart hits you but does no damage.
You hit the dart slug.
The dart slug is almost dead.
The dart slug bites you but does no damage.
You hit the dart slug.
You kill the dart slug!
Lugonu accepts your kill.
Your Invocations skill increases to level 2!
You have reached level 2!
You completely miss the kobold. The kobold hits you but does no damage.
You are poisoned.
You completely miss the kobold.
You feel very sick.
The kobold hits you with a +0 dagger of venom.
You are lethally poisoned!
You hit the kobold.
The kobold is severely wounded.
You feel very sick. The kobold barely misses you.
The kobold hits you with a +0 dagger of venom.
* * * LOW HITPOINT WARNING * * *
You are more poisoned.
You aren't carrying any potions.
Unknown command.
You hit the kobold.
You kill the kobold!
Lugonu accepts your kill.
* * * LOW HITPOINT WARNING * * *
You feel very sick.
Your Long Blades skill increases to level 3!
You hit the quokka.
The quokka is almost dead.
You die...

#.. #.# +.'. ##..###.#
###. .......#### +.+#
####.#.).....##### #
##.## [...#............
.##..#. #.......K..####
....#. #.#...........#
##..#. #.#........#r#
.###.#... ##.#.......#@#
........ ###.......#.#
#.####.... ####.####.#
#......... #.# #.#
######.#.. #.# #.# #.#..
##.# #.# #.#..
#########.#.###.#######
#.#.^
.........###..........#
#.#..
#########.#.###.#####.##
#.#..


You could see a quokka.

Vanquished Creatures
  A dart slug (D:1)
  2 goblins (D:1)
  A hobgoblin (D:1)
  A ball python (D:1)
  2 kobolds (D:1)
7 creatures vanquished.

Notes
Turn   | Place    | Note
-------+----------+-------------------------------------------
     0 | Abyss:1  | SnakkuSnakku7 the Barachi Abyssal Knight began the quest
                  | for the Orb.
     0 | Abyss:1  | Reached XP level 1. HP: 18/18 MP: 2/2
     5 | D:1      | Escaped the Abyss
    94 | D:1      | Reached XP level 2. HP: 18/24 MP: 3/3
    97 | D:1      | HP: 1/24 [poisoned by a kobold]
    98 | D:1      | Succumbed to a kobold's poison

Illustrated notes

Levels and vault maps discovered:
D:1:      erik_arrival_triangle_small, layout_loops_ring, minmay_quantized

Skill      XL: |  1  2 |
---------------+-------+-----
Invocations    | 2 |  2.0
Long Blades    | 3 |  3.0
Fighting       | |  3.6
Armour         | |  2.4
Dodging        | |  1.1

Action                   || total
-------------------------++-------
Melee: Falchion          ||    14
 Stab: Sleeping          ||     1
Armor: Leather armour    ||     3
Dodge: Dodged            ||     4
